 Dungeon Crawl Stone Soup version 0.29.1-2-gbd0b4ee654 (webtiles) character file.

Game seed: 15438832234910856163

2692 lokiplouj the Cleaver (level 9, -8/81 HPs)
             Began as a Minotaur Berserker on Nov 17, 2022.
             Was a Priest of Trog.
             Mangled by a gnoll sergeant
             ... wielding a +2 antimagic trident
              (12 damage)
             ... on level 7 of the Dungeon.
             The game lasted 00:10:09 (7531 turns).

lokiplouj the Cleaver (Minotaur Berserker)          Turns: 7531, Time: 00:10:10

Health: -8/81      AC:  6    Str: 25    XL:     9   Next: 38%
Magic:  5/8        EV: 12    Int:  4    God:    Trog [***...]
Gold:   356        SH:  0    Dex: 11    Spells: 8/8 levels left

rFire   . . .      SeeInvis .   a - +0 hand axe (protect)
rCold   . . .      Faith    .   e - orb {light}
rNeg    . . .      Spirit   .   h - +0 ring mail
rPois   .          Reflect  .   (helmet restricted)
rElec   .          Harm     .   (no cloak)
rCorr   .          Rampage  .   (no gloves)
Will    .....                   (no boots)
Stlth   +.........              (no amulet)
HPRegen 0.23/turn               (no ring)
MPRegen 0.11/turn               (no ring)

@: on berserk cooldown, slowed, glowing, very slow
A: horns 2, retaliatory headbutt
a: Renounce Religion, Berserk, Trog's Hand


You were on level 7 of the Dungeon.
You worshipped Trog.
Trog was most pleased with you.
You visited 1 branch of the dungeon, and saw 7 of its levels.

You collected 356 gold pieces.

Inventory:

Hand Weapons
 a - a +0 hand axe of protection (weapon)
 p - a +2 dire flail of protection
Armour
 b - a +0 animal skin
 e - an orb of light (worn)
 h - a +0 ring mail (worn)
Wands
 m - a wand of iceblast (20) (quivered)
 o - a wand of light (7)
Scrolls
 c - a scroll of brand weapon
 d - a scroll of blinking
 n - 2 scrolls of teleportation
Potions
 f - 2 potions of flight {unknown}
 g - a potion of curing
 i - 2 potions of attraction
 j - 2 potions of cancellation
 k - a potion of brilliance {unknown}
 l - 3 potions of haste
 q - a potion of mutation {unknown}


   Skills:
 + Level 7.9 Fighting
 + Level 8.9(9.4) Axes
 + Level 4.1(7.1) Maces & Flails
 + Level 8.4 Armour
 + Level 5.2 Dodging
 + Level 2.0 Stealth


You had 8 spell levels left.
You didn't know any spells.
Your spell library was empty.

Dungeon Overview and Level Annotations

Branches:
Dungeon (7/15)             Temple (0/1) D:6

Altars:
Dithmenos
Gozag
Qazlal
Trog
Xom
Zin
The Shining One


Innate Abilities, Weirdness & Mutations

You have a pair of horns on your head.
You reflexively headbutt those who attack you in melee.


Message History

Things that are here:
a +0 mace; a +0 chain mail
Found a fizzy pink potion.
The gnoll hits you with a +0 spear.
* * * LOW HITPOINT WARNING * * *
The gnoll hits you with a +0 spear.
* * * LOW HITPOINT WARNING * * *
The gnoll hits you with a +0 spear.
* * * LOW HITPOINT WARNING * * *
You hit the gnoll.
Your weapon exudes an aura of protection.
The gnoll is moderately wounded.
The gnoll hits you but does no damage.
You completely miss the gnoll. Your headbutt misses the gnoll.
The gnoll is moderately wounded.
The gnoll hits you with a +0 spear.
* * * LOW HITPOINT WARNING * * *
You slash the gnoll!
You kill the gnoll!
Trog accepts your kill.
A gnoll comes into view. It is wielding a +0 club.
The gnoll shouts!
A gnoll sergeant comes into view. It is wielding a +2 antimagic trident.
You see here a +0 spear.
The gnoll sergeant shouts!
A gnoll comes into view. It is wielding a +0 flail.
The gnoll sergeant closely misses you.
The gnoll sergeant hits you from afar with a +2 antimagic trident!
* * * LOW HITPOINT WARNING * * *
You feel your power leaking away. The gnoll sergeant barely misses you.
The gnoll shouts!
You hear a shout!
The gnoll sergeant hits you from afar with a +2 antimagic trident.
* * * LOW HITPOINT WARNING * * *
Things that are here:
a +0 scimitar; 4 stones; a +0 plate armour Blink to where?
Press: ? - help, Dir - move target
Okay, then.
The gnoll sergeant hits you from afar with a +2 antimagic trident!
You die...

#........##.#....# #8
#........##.#....#..
#........##.#....#..
#.......###.#......
#######.## #.#....# #..
###.# #.#....# #...#...#
#.#....##
##.....######.#.)...#####
#.......@)g..g.).#)......
#..........g.#.###.......
...###........#.g.........
#. #........#######..... .
#.......... .....
#.........## #!#..
#.........# .#.#
#.........# .# .


You could see a gnoll sergeant and 2 gnolls.

Vanquished Creatures
  Pikel (D:6)
  A hornet (D:6)
  Sigmund (D:6)
  A wyvern (D:6)
  Edmund (D:6)
  A water moccasin (D:7)
  Duvessa (D:7)
  A sky beast (D:7)
  2 black bears
  An orc warrior (D:7)
  A centaur (D:6)
  An ogre (D:5)
  A bullfrog (D:7)
  2 necrophages (D:5)
  2 scorpions (D:4)
  Dowan (D:7)
  A howler monkey (D:6)
  6 hounds
  An iguana (D:6)
  4 orc wizards
  7 adders
  A gnoll (D:7)
  A white imp (D:6)
  An ufetubus (D:7)
  6 worms
  17 orcs
  8 ball pythons
  4 bats
  10 endoplasms
  4 giant cockroaches
  9 goblins
  7 hobgoblins
  2 jackals (D:4)
  4 quokkas
  5 frilled lizards
  3 kobolds
  8 rats
  A butterfly (D:6)
129 creatures vanquished.

Vanquished Creatures (others)
  A fungus (D:1)
  A plant (D:1)
2 creatures vanquished.

Grand Total: 131 creatures vanquished

Notes
Turn   | Place    | Note
-------+----------+-------------------------------------------
     0 | D:1      | lokiplouj the Minotaur Berserker began the quest for the
                  | Orb.
     0 | D:1      | Reached XP level 1. HP: 19/19 MP: 0/0
   125 | D:1      | Found a faded altar of an unknown god.
   458 | D:1      | Reached XP level 2. HP: 22/27 MP: 1/1
  1379 | D:2      | Reached XP level 3. HP: 34/34 MP: 2/2
  1404 | D:2      | Reached ** piety under Trog
  1866 | D:2      | Found an opulent altar of Gozag.
  2004 | D:3      | Reached XP level 4. HP: 41/41 MP: 3/3
  2453 | D:3      | Found a shimmering altar of Xom.
  2453 | D:3      | Found a stormy altar of Qazlal.
  2745 | D:4      | Found a shadowy altar of Dithmenos.
  2943 | D:4      | Reached skill level 5 in Axes
  2951 | D:4      | Noticed a scorpion
  2957 | D:4      | Killed a scorpion
  2958 | D:4      | Reached XP level 5. HP: 26/47 MP: 4/4
  3538 | D:4      | Found a glowing golden altar of the Shining One.
  3694 | D:4      | Reached skill level 5 in Fighting
  3934 | D:5      | Entered Level 5 of the Dungeon
  3960 | D:5      | Reached XP level 6. HP: 16/56 MP: 5/5
  4606 | D:5      | Found a bloodstained altar of Trog.
  4629 | D:5      | Reached skill level 5 in Armour
  4629 | D:5      | Reached skill level 1 in Stealth
  4811 | D:5      | Reached XP level 7. HP: 59/61 MP: 6/6
  5106 | D:6      | Noticed Pikel
  5115 | D:6      | Killed Pikel
  5116 | D:6      | Reached XP level 8. HP: 67/70 MP: 7/7
  5170 | D:6      | Found a glowing silver altar of Zin.
  5323 | D:6      | Noticed Edmund
  5323 | D:6      | Noticed Sigmund
  5330 | D:6      | Killed Sigmund
  5347 | D:6      | Killed Edmund
  5659 | D:6      | Found a staircase to the Ecumenical Temple.
  5948 | D:6      | Reached skill level 1 in Maces & Flails
  5971 | D:6      | Noticed a hornet
  5979 | D:6      | Killed a hornet
  5980 | D:6      | Reached XP level 9. HP: 19/79 MP: 8/8
  7051 | D:7      | Reached *** piety under Trog
  7132 | D:7      | Noticed Duvessa
  7143 | D:7      | Killed Duvessa
  7144 | D:7      | Reached skill level 5 in Dodging
  7153 | D:7      | Noticed Dowan
  7161 | D:7      | Killed Dowan
  7529 | D:7      | HP: 3/81 [gnoll sergeant/+2 antimagic trident (3)]
  7531 | D:7      | Mangled by a gnoll sergeant

Illustrated notes

Levels and vault maps discovered:
D:1:      ncdulo_halloftheorcs, layout_basic,
          shapermc_ecumenical_altar_rom_forum
D:2:      layout_loops_ring, basic_altar, minmay_cupped
D:3:      layout_loops_corners, nicolae_overflow_two_pavilions,
          minmay_box_of_dots
D:4:      layout_loops_ring, nicolae_tso_carved_into_rock,
          nicolae_overflow_hidden_temple
D:5:      layout_cave_pools, mainiacjoe_overflow_cross_hatched
D:6:      layout_basic, mainiacjoe_overflow_concentric_impassable,
          minmay_temple_entry_butterflies, gup_sewer_entry_spiral,
          sigmund_edmund_badplayer, uniq_sigmund, uniq_pikel
D:7:      layout_basic, pf_guarded_unrand_meek, uniq_joseph, uniq_duvessa

Skill      XL: |  1  2  3  4  5  6  7  8  9 |
---------------+----------------------------+-----
Fighting       | 4 5 6 7 |  7.9
Axes           | 4 5 6 7 8 |  8.9
Armour         | 3 4 5 6 7 8 |  8.4
Dodging        | 3 4 5 |  5.2
Stealth        | 1 2 |  2.0
Maces & Flails | 2 4 |  4.1

Action                   |  1- 3 |  4- 6 |  7- 9 || total
-------------------------+-------+-------+-------++-------
Melee: Hand axe          |    91 |   133 |   101 ||   325
       Headbutt          |    11 |    18 |    39 ||    68
       Punch             |     1 |       |       ||     1
       Dire flail        |       |       |    57 ||    57
Invok: Berserk           |       |     2 |     5 ||     7
       Trog's Hand       |       |     2 |     3 ||     5
  Use: Scroll            |       |       |    13 ||    13
Armor: Animal skin       |     3 |       |       ||     3
       Ring mail         |    18 |    43 |    60 ||   121
Dodge: Dodged            |    53 |    77 |    80 ||   210
